 Dungeon Crawl Stone Soup version 0.22.1-2-g9c5b331 (webtiles) character file.

417791 KernelPanic the Axe Maniac (level 22, -2/248 HPs)
             Began as a Minotaur Berserker on Dec 11, 2018.
             Was the Champion of Trog.
             Hit by a javelin thrown by a merfolk javelineer (4 damage)
             ... on level 5 of the Depths on Dec 13, 2018.
             The game lasted 04:03:31 (46539 turns).

KernelPanic the Axe Maniac (Minotaur Berserker)    Turns: 46539, Time: 04:03:31

Health: -2/248     AC: 32    Str: 38    XL:     22   Next: 59%
Magic:  28/28      EV: 19    Int:  4    God:    Trog [******]
Gold:   5386       SH:  3    Dex: 13    Spells: 21/21 levels left

rFire    + . .     SeeInvis .   a - +4 executioner's axe (chop)
rCold    + . .     Gourm    .   (shield currently unavailable)
rNeg     . . .     Faith    .   j - +9 scale mail "Keilor" {rC+ Regen+ Slay+3}
rPois    .         Spirit   .   Q - +2 hat {MR+}
rElec    .         Reflect  +   p - +2 cloak
rCorr    .         Harm     .   e - +2 pair of gloves
MR       ++...     Rnd*Rage +   r - +2 pair of boots
Stlth    ..........             d - +3 amulet of reflection
HPRegen  0.00/turn              x - +6 ring of strength
MPRegen  0.21/turn              I - +3 ring of strength

@: corroded, berserk cooldown, slowed, very slow
A: retaliatory headbutt, horns 2, talons 1, repulsion field 1, thin metallic
scales 1, berserk 1, fire resistance 1, robust 1, inhibited regeneration
}: 2/15 runes: serpentine, barnacled
a: Berserk, Trog's Hand, Brothers in Arms, Renounce Religion


You were on level 5 of the Depths.
You worshipped Trog.
Trog was exalted by your worship.
You were very full.

You visited 8 branches of the dungeon, and saw 41 of its levels.
You visited the Abyss 1 time.
You also visited: Labyrinth, Ossuary and Ice Cave.

You collected 6121 gold pieces.
You spent 735 gold pieces at shops.

Inventory:

Hand Weapons
 a - a +4 executioner's axe of chopping (weapon)
 b - a +2 antimagic executioner's axe
 F - the +10 battleaxe of Benevolence {flame, rF+ rC+}
   (Trog gifted it to you on level 3 of the Vaults)

   It has been specially enchanted to burn those struck by it, causing extra
   injury to most foes and up to half again as much damage against particularly
   susceptible opponents.
   Big, fiery blades are also staple armaments of hydra-hunters.
   It protects you from fire.
   It protects you from cold.
Armour
 e - a +2 pair of gloves (worn)
 j - the +9 scale mail "Keilor" (worn) {rC+ Regen+ Slay+3}
   (You found it on level 9 of the Dungeon)

   It affects your accuracy and damage with ranged weapons and melee attacks
   (+3).
   It protects you from cold.
   It increases your rate of regeneration.
 p - a +2 cloak (worn)
 q - +0 ice dragon scales
 r - a +2 pair of boots (worn)
 t - +0 fire dragon scales
 C - +0 steam dragon scales
 Q - a +2 hat of magic resistance (worn)
 T - a +2 pair of gloves of strength
Jewellery
 d - a +3 amulet of reflection (around neck)
 f - an uncursed ring of poison resistance
 h - an uncursed ring of ice
 v - a cursed amulet of inaccuracy {unknown}
 w - a +2 ring of intelligence {unknown}
 x - a +6 ring of strength (left hand)
 I - a +3 ring of strength (right hand)
 J - an uncursed ring of positive energy {unknown}
 M - an uncursed ring of resist corrosion
 S - an uncursed ring of stealth
 U - an uncursed ring of flight
 W - a cursed -2 ring of protection {unknown}
Wands
 l - a wand of disintegration (13)
 y - a wand of enslavement (52)
 D - a wand of iceblast (37)
 L - a wand of paralysis (31)
Scrolls
 g - 13 scrolls of remove curse
 i - 3 scrolls of magic mapping
 n - 3 scrolls of teleportation
 z - a scroll of enchant armour
 G - a scroll of summoning
 H - 2 scrolls of holy word
 R - 6 scrolls of identify
 X - a scroll of blinking
 Y - 5 scrolls of fog
 Z - a scroll of fear
Potions
 k - 3 potions of mutation
 m - 3 potions of ambrosia
 o - 3 potions of flight
 s - 5 potions of haste
 u - 18 potions of curing
 A - 3 potions of cancellation
 B - a potion of berserk rage {unknown}
 E - 3 potions of lignification {unknown}
 K - a potion of resistance
 O - 2 potions of might
Comestibles
 c - 24 rations


   Skills:
 * Level 25.4 Fighting
 O Level 27 Axes
 + Level 20.8 Armour
 - Level 10.0 Dodging
 + Level 10.4 Evocations


You had 21 spell levels left.
You didn't know any spells.
Your spell library contained the following spells:

 Spells                   Type           Power        Failure   Level  Hunger
 Sandblast                Erth           #.....       61%         1    ##.....
 Passwall                 Tmut/Erth      #.......     75%         2    ###....
 Leda's Liquefaction      Hex/Erth       #.........   100%        4    #####..
 Lee's Rapid Deconstruct  Erth           #.........   100%        5    ######.
 Iron Shot                Conj/Erth      #.........   100%        6    #######
 Statue Form              Tmut/Erth      #........    100%        6    #######


Dungeon Overview and Level Annotations

Branches:
Dungeon (15/15)            Temple (1/1) D:6            Lair (6/6) D:11
 Shoals (4/4) Lair:3        Snake (4/4) Lair:4        Slime (0/5) Lair:6
    Orc (2/2) D:10            Elf (0/3) Orc:2        Vaults (4/5) D:13
  Crypt (0/3) Vaults:3     Depths (5/5) D:15
    Zot: Depths:5

Altars:
Ashenzari
Cheibriados
Dithmenos
Elyvilon
Fedhas
Gozag
Hepliaklqana
Kikubaaqudgha
Makhleb
Nemelex Xobeh
Okawaru
Qazlal
Ru
Sif Muna
Trog
Uskayaw
Vehumet
Wu Jian
Xom
Yredelemnul
Zin
The Shining One
Beogh
Jiyva

Shops:
D:11 [   Snake:3 *[   Snake:4 (*[   Vaults:4 (   Depths:4 }

Portals:
Hell: Depths:1 Depths:2 Depths:3 Depths:4
Abyss: Depths:1 Depths:4
Pandemonium: Depths:2 Depths:3
Ziggurat: Depths:1
Trove: D:14 (show abyssal rune of Zot)

Annotations:
D:5 3 runed doors, buskinjo's ghost, amateur OpGl
D:14 Has place that needs abyssal rune thing
Lair:2 exclusion: 2 oklob plants
Snake:4 Asterion


Innate Abilities, Weirdness & Mutations

You reflexively headbutt those who attack you in melee.
You have a pair of horns on your head.
You have sharp toenails.
You are surrounded by a mild repulsion field. (EV +2)
You are partially covered in thin metallic scales. (AC +2)
You tend to lose your temper in combat.
Your flesh is heat resistant. (rF+)
You are robust. (+10% HP)
You do not regenerate when monsters are visible.


Message History

The javelin hits you but does no damage.
A golden dragon comes into view.
The merfolk javelineer throws a javelin.
The javelin closely misses you. The caustic shrike claws you!
* * * LOW HITPOINT WARNING * * *
You are splashed with acid!
The acid burns!
* * * LOW HITPOINT WARNING * * *
A spark wasp comes into view.
You see here 2 javelins.
You feel your anger nearly subside.
You are no longer berserk.
You are exhausted.
You feel yourself slow down.
A red draconian comes into view. It is wielding a hand axe.
The caustic shrike claws you!!
* * * LOW HITPOINT WARNING * * *
You are splashed with acid!
The acid burns!
* * * LOW HITPOINT WARNING * * *
The merfolk javelineer throws a javelin.
The javelin hits you.
You die...

....... ...#
#..(.m........#.
##...........≈≈..
.##......... ..≈≈.(
.....≈≈≈≈.m##..≈≈
......≈....d....
#........m)#
##.......E(# ..
#.....@(.()# .....
#......bD..+
..................#
#.<.........≈≈...D.#
##.
........#.≈≈.....b#
c.##.......
#..≈....b.bV
.#...Q.....
##........≈≈y
C(...≈≈≈...
#..≈≈≈≈d...D
.(.....≈≈..


You could see an iron dragon, a golden dragon, 4 caustic shrikes, a purple
draconian, a red draconian, 3 merfolk javelineers, a vampire knight and a water
elemental.

Vanquished Creatures
  Mennas (Vaults:2)
  A juggernaut (Depths:2)
  Vashnia (Snake:4)
  Saint Roka (Orc:1)
  4 caustic shrikes
  2 golden dragons
  Nikola (Vaults:2)
  2 tentacled monstrosities
  A lich (Vaults:4)
  3 titans
  3 sphinxes
  A shadow dragon (Depths:2)
  Gastronok (Lair:2)
  Kirke (D:14)
  2 storm dragons
  7 nagarajas (Snake:4)
  6 tengu reavers
  8 fire giants
  6 frost giants
  A draconian scorcher (Depths:5)
  Louise (D:14)
  7 vault wardens
  15 very ugly things
  12 ironheart preservers
  A war gargoyle (Vaults:1)
  23 stone giants
  2 entropy weavers (Vaults:1)
  3 spriggan defenders (Depths:2)
  2 vampire knights (Depths:2)
  A deep elf demonologist (Vaults:4)
  A black draconian (Depths:5)
  A minotaur (Lab)
  8 spark wasps
  9 ettins
  9 fire dragons
  3 merfolk javelineers (Shoals:4)
  Josephine (D:12)
  2 deep elf death magi
  4 ogre magi
  3 merfolk impalers
  4 rakshasas
  7 yaktaur captains
  A hydra (shapeshifter) (Depths:4)
  Harold (Orc:1)
  7 hydras
  11 vault guards
  10 naga warriors
  12 ice dragons
  4 great orbs of eyes
  7 spriggan air magi
  A merfolk avatar (Shoals:3)
  10 centaur warriors
  A catoblepas (D:13)
  5 merfolk aquamancers
  9 anacondas
  17 two-headed ogres
  3 death yaks
  2 alligator snapping turtles
  A death knight (Vaults:3)
  9 deep troll shamans
  2 vampire magi
  3 deep troll earth magi
  An orc high priest (Orc:2)
  A satyr (Shoals:2)
  4 tengu warriors
  15 naga sharpshooters
  6 shock serpents
  10 hell knights (Depths:2)
  Nergalle (D:11)
  7 spriggans (Depths:2)
  5 spriggan berserkers
  Sonja (Lair:1)
  3 skeletal warriors (D:15)
  7 sea snakes
  23 deep trolls
  4 unseen horrors
  6 naga ritualists
  3 glowing orange brains
  A torturous demonspawn (Depths:3)
  8 wizards
  2 iron trolls
  10 necromancers
  A swamp dragon (shapeshifter) (Vaults:4)
  6 deep elf archers
  4 phantasmal warriors (Depths:2)
  3 flayed ghosts
  13 harpies
  3 lindwurms
  20 orc knights
  12 ironbrand convokers
  8 deep elf magi
  3 wolf spiders
  7 salamanders
  16 fauns
  5 orc sorcerers
  A shining eye (shapeshifter) (D:15)
  6 mana vipers
  45 ugly things
  13 manticores
  9 cyclopes
  8 merfolk sirens
  A stone giant skeleton (Vaults:3)
  An ice statue (IceCv)
  2 water nymphs (Shoals:3)
  A frost giant skeleton (Vaults:2)
  A guardian serpent (shapeshifter) (D:15)
  17 elephants
  3 guardian serpents
  8 vault sentinels
  23 naga magi
  An eye of devastation (Vaults:1)
  A rust devil (Depths:1)
  Psyche (D:11)
  A yaktaur zombie (Vaults:2)
  43 black mambas
  A smoke demon (Depths:3)
  A torpor snail (Lair:3)
  6 gargoyles
  22 spiny frogs
  6 rime drakes
  7 komodo dragons
  3 kobold demonologists
  A rime drake (shapeshifter) (Vaults:1)
  3 freezing wraiths
  A tormentor (Depths:3)
  2 red devils
  A yaktaur (shapeshifter) (Vaults:1)
  An efreet (D:15)
  46 yaktaurs
  2 komodo dragons (shapeshifter)
  10 merfolk
  6 trolls
  2 tyrant leeches (Lair:6)
  3 tengu conjurers
  A tengu simulacrum (Vaults:4)
  A meliai (shapeshifter) (Vaults:3)
  5 polar bears
  A polar bear (shapeshifter) (Depths:2)
  14 hornets
  A hornet (shapeshifter) (Depths:1)
  12 blink frogs (Lair:6)
  10 hippogriffs
  A stone giant simulacrum (Vaults:3)
  3 wind drakes
  2 raiju (shapeshifter)
  18 slime creatures
  A hippogriff (shapeshifter) (Vaults:3)
  6 snapping turtles
  2 human simulacra
  A frost giant simulacrum (Vaults:1)
  4 wyverns
  4 centaur simulacra
  A redback (shapeshifter) (Vaults:1)
  A yak (shapeshifter) (Depths:3)
  A tarantella (shapeshifter) (Depths:2)
  16 water elementals
  4 wraiths (D:12)
  5 hogs (D:14)
  52 yaks
  18 humans (D:13)
  A basilisk (Lair:1)
  A hog (shapeshifter) (Depths:1)
  A chaos spawn (Depths:3)
  A hungry ghost (D:12)
  A redback simulacrum (D:14)
  14 vampire mosquitoes
  Menkaure (D:4)
  A naga (shapeshifter) (Vaults:1)
  8 wargs
  An acid dragon (Vaults:2)
  42 nagas
  7 porcupines
  A soldier ant (D:8)
  A floating eye (Depths:2)
  11 water moccasins
  A hornet zombie (D:8)
  50 orc warriors
  5 sky beasts
  25 ogres
  2 meliai simulacra (D:14)
  30 ice beasts
  2 phantoms
  3 black bears
  2 necrophages (D:7)
  An eye of draining (D:15)
  27 wolves
  22 centaurs
  23 boggarts
  14 crocodiles
  3 elf zombies
  5 big kobolds
  23 bullfrogs
  2 elf skeletons (D:5)
  A human skeleton (Vaults:2)
  A wyvern skeleton (D:13)
  10 scorpions
  A hornet simulacrum (D:15)
  A water moccasin skeleton (D:6)
  18 killer bees
  13 wights
  7 electric eels
  2 howler monkeys (D:5)
  A centaur zombie (Ossuary)
  8 crimson imps
  A quasit (D:8)
  3 bullfrog zombies
  6 hounds
  2 jellies
  A gnoll shaman (D:7)
  18 orc priests
  2 bullfrog skeletons
  2 centaur skeletons
  27 orc wizards
  4 human zombies
  3 iguanas
  4 hell rats (Lair:5)
  8 worker ants
  2 polar bear simulacra (Lair:3)
  A killer bee zombie (D:6)
  2 wolf simulacra (Lair:3)
  A big kobold zombie (Ossuary)
  A hound skeleton (D:8)
  2 mummies (Ossuary)
  A worker ant zombie (D:9)
  5 gnolls (D:7)
  8 adders
  2 shadow imps
  10 white imps
  5 ufetubi (D:14)
  An ooze (D:1)
  2 adder skeletons
  4 worms
  2 dart slugs
  9 leopard geckos
  97 orcs
  A ball python (D:7)
  4 giant cockroaches
  A gnoll zombie (Ossuary)
  4 goblins
  7 hobgoblins
  9 jackals
  18 kobolds
  3 quokkas
  11 bats
  5 frilled lizards
  3 goblin zombies (Ossuary)
  4 hobgoblin zombies (Ossuary)
  A leopard gecko zombie (D:5)
  An orc skeleton (D:5)
  2 orc zombies (Ossuary)
  A quokka skeleton (D:6)
  A quokka zombie (D:10)
  13 rats
  A river rat simulacrum (Lair:3)
  3 bushes
  3 butterflies
  17 fungi
  41 plants
1787 creatures vanquished.

Vanquished Creatures (collateral kills)
  A shadow dragon (Vaults:3)
  2 ogre magi
  A hydra (Lair:6)
  4 two-headed ogres
  A deep troll shaman (Vaults:2)
  An orc high priest (Orc:1)
  A merfolk siren (Shoals:3)
  A vault sentinel (Vaults:2)
  A yaktaur zombie (Vaults:3)
  A rime drake (Lair:2)
  A blink frog (Lair:6)
  3 yaks (Lair:6)
  A steam dragon (D:12)
  An orc warrior (Orc:1)
  14 wolves (Lair:2)
  2 ogres
  An orc priest (Orc:1)
  An orc wizard (Orc:1)
  2 polar bear simulacra (Lair:3)
  A yak simulacrum (Lair:3)
  2 wolf simulacra (Lair:3)
  A river rat simulacrum (Lair:3)
44 creatures vanquished.

Vanquished Creatures (others)
  A naga sharpshooter (Snake:4)
  A blink frog (Lair:6)
  A boggart (Depths:2)
  An ufetubus (D:14)
  A jackal (D:11)
  7 fungi (Lair:6)
  23 plants
35 creatures vanquished.

Grand Total: 1866 creatures vanquished

Notes
Turn   | Place    | Note
-------+----------+-------------------------------------------
     0 | D:1      | KernelPanic the Minotaur Berserker began the quest for the
                  | Orb.
     0 | D:1      | Reached XP level 1. HP: 19/19 MP: 0/0
    76 | D:1      | Reached skill level 4 in Axes
    76 | D:1      | Reached XP level 2. HP: 26/27 MP: 1/1
   619 | D:2      | Reached XP level 3. HP: 33/33 MP: 2/2
   762 | D:2      | Reached ** piety under Trog
  1072 | D:3      | Reached skill level 5 in Axes
  1072 | D:3      | Reached XP level 4. HP: 41/41 MP: 3/3
  1367 | D:3      | Reached XP level 5. HP: 45/47 MP: 4/4
  1419 | D:3      | Reached skill level 5 in Fighting
  1839 | D:4      | Reached skill level 6 in Axes
  1904 | D:4      | Noticed Menkaure
  1912 | D:4      | Killed Menkaure
  1912 | D:4      | Reached XP level 6. HP: 56/56 MP: 5/5
  2247 | D:5      | Entered Level 5 of the Dungeon
  2312 | D:5      | Reached skill level 7 in Axes
  2325 | D:5      | Reached *** piety under Trog
  2332 | D:5      | Found a sand-covered staircase.
  2341 | D:5      | Reached XP level 7. HP: 61/62 MP: 6/6
  2355 | D:5      | Reached skill level 5 in Armour
  2406 | D:5      | Reached skill level 8 in Axes
  2414 | Ossuary  | Entered an ossuary
  2672 | D:5      | Found a runed gate.
  2672 | D:5      | Found a runed gate.
  2673 | D:5      | Found a runed gate.
  2675 | D:5      | Noticed buskinjo's ghost (amateur OpGl)
  2768 | D:5      | Reached XP level 8. HP: 71/71 MP: 7/7
  2877 | D:5      | Reached skill level 9 in Axes
  3694 | D:6      | Reached **** piety under Trog
  3694 | D:6      | Reached skill level 10 in Axes
  3826 | D:6      | Got a steaming pewter ring
  3827 | D:6      | Identified the ring of Ewiusm {+Inv rElec rC+ Str-5} (You
                  | found it on level 6 of the Dungeon)
  3862 | D:6      | Found a staircase to the Ecumenical Temple.
  3871 | Temple   | Entered the Ecumenical Temple
  4012 | D:6      | Reached XP level 9. HP: 70/81 MP: 8/8
  4486 | D:7      | Reached skill level 11 in Axes
  4561 | D:7      | Found a sacrificial altar of Ru.
  5519 | D:8      | Reached skill level 12 in Axes
  5525 | D:8      | Got a blackened rapier
  5526 | D:8      | Identified the +8 rapier of Ywnu {pain, Int+4} (You found
                  | it on level 8 of the Dungeon)
  5564 | D:8      | Paralysed by a hornet for 1 turns
  6044 | D:9      | Reached XP level 10. HP: 82/90 MP: 9/9
  6509 | D:9      | Got a shimmering scale mail
  6520 | D:9      | Identified the +9 scale mail "Keilor" {rC+ Regen+ Slay+3}
                  | (You found it on level 9 of the Dungeon)
  6849 | D:9      | Noticed a centaur warrior
  6857 | D:9      | Killed a centaur warrior
  6857 | D:9      | Reached skill level 10 in Fighting
  6857 | D:9      | Reached skill level 13 in Axes
  6933 | D:9      | Reached ***** piety under Trog
  7077 | D:10     | Entered Level 10 of the Dungeon
  7112 | D:10     | Found a staircase to the Orcish Mines.
  7139 | D:10     | Noticed a gargoyle
  7147 | D:10     | Killed a gargoyle
  7207 | D:10     | Killed an unseen horror
  7207 | D:10     | Reached skill level 10 in Armour
  8098 | D:11     | Reached skill level 14 in Axes
  8121 | D:11     | Noticed Psyche
  8130 | D:11     | Killed Psyche
  8223 | D:11     | Found Rerot's Antique Armour Shop.
  8230 | D:11     | Noticed a gargoyle
  8235 | D:11     | Killed a gargoyle
  8235 | D:11     | Reached XP level 11. HP: 100/100 MP: 10/10
  8496 | D:11     | Noticed a brown ugly thing
  8500 | D:11     | Killed a brown ugly thing
  8673 | D:11     | Found a staircase to the Lair.
  8862 | D:11     | Noticed Nergalle
  8871 | D:11     | Killed Nergalle
  9026 | Lair:1   | Entered Level 1 of the Lair of Beasts
  9039 | Lair:1   | Noticed Sonja
  9050 | Lair:1   | Reached skill level 15 in Axes
  9315 | Lair:1   | Received a gift from Trog
  9572 | Lair:1   | Killed Sonja
  9605 | Lair:1   | Noticed a five-headed hydra
  9614 | Lair:1   | Killed an eight-headed hydra
  9950 | Lair:2   | Reached XP level 12. HP: 111/111 MP: 11/11
  9952 | Lair:2   | Reached skill level 16 in Axes
 10071 | Lair:2   | Noticed Gastronok
 10079 | Lair:2   | Killed Gastronok
 10361 | Lair:2   | Noticed a seven-headed hydra
 10386 | Lair:2   | Killed a nine-headed hydra
 11008 | Lair:3   | Noticed a death yak
 11008 | Lair:3   | Noticed a death yak
 11032 | Lair:2   | Killed a death yak
 11040 | Lair:3   | Killed a death yak
 11040 | Lair:3   | Reached skill level 17 in Axes
 11638 | Lair:3   | Found a staircase to the Shoals.
 12283 | Lair:4   | Reached XP level 13. HP: 121/121 MP: 12/12
 12402 | Lair:4   | Found a staircase to the Snake Pit.
 12413 | Lair:4   | Received a gift from Trog
 13062 | Lair:5   | Found a labyrinth entrance.
 13071 | Lab      | Entered a labyrinth
 14025 | Lab      | Found an exit through the horrors of the Abyss.
 14704 | Lab      | Noticed a minotaur
 14713 | Lab      | Killed a minotaur
 14713 | Lab      | Reached skill level 18 in Axes
 14722 | Lab      | Identified the Incunabulum of Clay
 14763 | Lab      | Identified Lom Lobon's Papyrus of the Traveller
 15541 | Lair:6   | Entered Level 6 of the Lair of Beasts
 15585 | Lair:6   | Found a viscous altar of Jiyva.
 15585 | Lair:6   | Found a staircase to the Slime Pits.
 15609 | Lair:6   | Reached skill level 19 in Axes
 15890 | Lair:6   | Reached XP level 14. HP: 83/133 MP: 13/13
 15891 | Lair:6   | Received a gift from Trog
 16805 | Lair:6   | Reached skill level 15 in Fighting
 17321 | Orc:1    | Entered Level 1 of the Orcish Mines
 17323 | Orc:1    | Noticed Harold
 17331 | Orc:1    | Killed Harold
 17443 | Orc:1    | Found a transporter.
 17500 | Orc:1    | Found a roughly hewn altar of Beogh.
 17521 | Orc:1    | Reached skill level 20 in Axes
 17536 | Orc:1    | Found a transporter.
 17562 | Orc:1    | Identified Vodghih's Compendium of Damaging Clay
 17569 | Orc:1    | Got an iridescent war axe
 17570 | Orc:1    | Identified the cursed +1 war axe of Fortitude {chop, -Tele
                  | rElec rPois Dex+4} (You found it on level 1 of the Orcish
                  | Mines)
 17606 | Orc:1    | Received a gift from Trog
 17629 | Orc:1    | Gained mutation: Your flesh is heat resistant. (rF+)
                  | [potion of mutation]
 17629 | Orc:1    | Gained mutation: Your spells are a little harder to cast,
                  | but a little more powerful. [potion of mutation]
 17629 | Orc:1    | Gained mutation: You are clumsy. (Dex -2) [potion of
                  | mutation]
 17629 | Orc:1    | Gained mutation: You are resistant to electric shocks.
                  | (rElec) [potion of mutation]
 18040 | Orc:2    | Entered Level 2 of the Orcish Mines
 18040 | Orc:2    | Noticed Saint Roka
 18052 | Orc:1    | Killed Saint Roka
 18052 | Orc:1    | Reached skill level 15 in Armour
 18351 | Orc:2    | Reached ****** piety under Trog
 18410 | Orc:2    | Received a gift from Trog
 18422 | Orc:2    | Noticed a stone giant
 18437 | Orc:2    | Killed a stone giant
 18512 | Orc:2    | Paralysed by an orc sorcerer for 5 turns
 18660 | Orc:2    | Found a staircase to the Elven Halls.
 19237 | D:12     | Reached XP level 15. HP: 143/143 MP: 14/14
 19293 | D:12     | Noticed Josephine
 19300 | D:12     | Killed Josephine
 19525 | D:12     | Received a gift from Trog
 19872 | D:13     | Reached skill level 21 in Axes
 19892 | D:13     | Found a shimmering altar of Xom.
 20180 | D:13     | Found a gate to the Vaults.
 20453 | D:13     | Received a gift from Trog
 20785 | D:14     | Noticed Kirke
 20793 | D:14     | Killed Kirke
 20820 | D:14     | Found a frozen archway.
 20842 | IceCv    | Entered an ice cave
 21305 | D:14     | Received a gift from Trog
 21783 | D:14     | Reached skill level 22 in Axes
 21939 | D:14     | Found a portal to a secret trove of treasure.
 22041 | D:15     | Entered Level 15 of the Dungeon
 22044 | D:15     | Noticed Louise
 22265 | D:14     | Killed Louise
 22286 | D:15     | Received a gift from Trog
 22996 | D:15     | Reached XP level 16. HP: 153/154 MP: 15/15
 23354 | D:15     | Found a staircase to the Depths.
 23358 | D:15     | Gained mutation: You are weak. (Str -2) [a shining eye]
 23442 | D:15     | Received a gift from Trog
 24030 | Snake:1  | Entered Level 1 of the Snake Pit
 25274 | Snake:2  | Reached skill level 23 in Axes
 26141 | Snake:3  | Received a gift from Trog
 26320 | Snake:3  | Found Mutuer Zaci's Armour Emporium.
 26328 | Snake:3  | Found Axigub's Assorted Antiques.
 26335 | Snake:3  | Bought a scroll of teleportation for 114 gold pieces
 26335 | Snake:3  | Bought a pair of glowing gloves for 285 gold pieces
 26335 | Snake:3  | Bought a scroll of enchant weapon for 285 gold pieces
 27218 | Snake:4  | Entered Level 4 of the Snake Pit
 27284 | Snake:4  | Reached XP level 17. HP: 140/163 MP: 13/16
 27332 | Snake:4  | Found Cibiseid's General Store.
 27339 | Snake:4  | Found Biats's Armour Emporium.
 27342 | Snake:4  | Bought a scroll of teleportation for 51 gold pieces
 27511 | Snake:4  | Found Gepp's Antique Weapon Shoppe.
 27749 | Snake:4  | Received a gift from Trog
 27773 | Snake:4  | Reached skill level 5 in Dodging
 27943 | Snake:4  | Reached skill level 24 in Axes
 28064 | Snake:4  | Noticed Vashnia
 28220 | Snake:4  | Killed Vashnia
 28473 | Snake:4  | Noticed Asterion
 29091 | Snake:4  | Got a serpentine rune of Zot
 29147 | Snake:4  | Received a gift from Trog
 29597 | Shoals:1 | Entered Level 1 of the Shoals
 30309 | Shoals:1 | Identified the +9 shield of Wisdom {rC+ rN+ Int+4 Dex-3}
                  | (You found it on level 1 of the Shoals)
 30501 | Shoals:2 | Received a gift from Trog
 31158 | Shoals:2 | Cast into level 2 of the Abyss (faun)
 31158 | Abyss:2  | Found a corrupted altar of Lugonu.
 31191 | Abyss:2  | Found a shadowy altar of Dithmenos.
 31195 | Shoals:2 | Escaped the Abyss
 31206 | Shoals:2 | Reached XP level 18. HP: 143/174 MP: 0/17
 31619 | Shoals:3 | Reached skill level 25 in Axes
 32523 | Shoals:4 | Entered Level 4 of the Shoals
 33069 | Shoals:4 | Received a gift from Trog
 33253 | Shoals:4 | Got a barnacled rune of Zot
 33634 | Vaults:1 | Entered Level 1 of the Vaults
 34713 | Vaults:1 | Paralysed by a hornet for 3 turns
 34738 | Vaults:1 | Received a gift from Trog
 34759 | Vaults:1 | Reached skill level 10 in Dodging
 34784 | Vaults:1 | Reached skill level 26 in Axes
 34856 | Vaults:1 | Noticed a golden dragon
 34863 | Vaults:1 | Killed a golden dragon
 34863 | Vaults:1 | Reached XP level 19. HP: 184/184 MP: 18/18
 35427 | Vaults:2 | Received a gift from Trog
 35669 | Vaults:2 | Noticed Mennas
 35682 | Vaults:2 | Killed Mennas
 36011 | Vaults:2 | Reached skill level 27 in Axes
 36119 | Vaults:2 | Noticed Nikola
 36127 | Vaults:2 | Killed Nikola
 36143 | Vaults:2 | Reached skill level 1 in Evocations
 36517 | Vaults:2 | Received a gift from Trog
 36759 | Vaults:3 | Received a gift from Trog
 37306 | Vaults:3 | Found a staircase to the Crypt.
 37306 | Vaults:3 | Found an ancient bone altar of Kikubaaqudgha.
 37307 | Vaults:3 | Found a basalt altar of Yredelemnul.
 37341 | Vaults:3 | Reached XP level 20. HP: 198/198 MP: 21/21
 37747 | Vaults:3 | Found a hide-covered altar of Uskayaw.
 38108 | Vaults:3 | Received a gift from Trog
 38115 | Vaults:3 | Got a shimmering battleaxe {god gift}
 38116 | Vaults:3 | Identified the +10 battleaxe of Benevolence {flame, rF+
                  | rC+} (Trog gifted it to you on level 3 of the Vaults)
 38627 | Vaults:4 | Found Noorijot's Weapon Shop.
 38701 | Vaults:4 | Identified the cursed -6 hat of the Cockatrice {Str+2 Int+3
                  | Stlth+} (You found it on level 4 of the Vaults)
 38755 | Vaults:4 | Found a radiant altar of Vehumet.
 39290 | Vaults:4 | Reached skill level 5 in Evocations
 40141 | Depths:1 | Entered Level 1 of the Depths
 40141 | Depths:1 | Found a gateway to a ziggurat.
 40221 | Depths:1 | Received a gift from Trog
 40332 | Depths:1 | Found a gateway to Hell.
 41149 | Depths:1 | Found a one-way gate to the infinite horrors of the Abyss.
 41649 | Depths:2 | Found a one-way gate leading to the halls of Pandemonium.
 41693 | Depths:2 | Received a gift from Trog
 41946 | Depths:2 | Reached XP level 21. HP: 211/211 MP: 25/25
 41948 | Depths:2 | Noticed a caustic shrike
 41948 | Depths:2 | Noticed a caustic shrike
 41949 | Depths:2 | Noticed a caustic shrike
 41953 | Depths:2 | Killed a caustic shrike
 41955 | Depths:2 | Killed a caustic shrike
 41957 | Depths:2 | Killed a caustic shrike
 42248 | Depths:2 | Received a gift from Trog
 42297 | Depths:2 | Noticed a juggernaut
 42326 | Depths:2 | Killed a juggernaut
 43112 | Depths:2 | Received a gift from Trog
 44305 | Depths:3 | Reached XP level 22. HP: 216/224 MP: 28/28
 44490 | Depths:3 | Received a gift from Trog
 45568 | Depths:4 | Lost mutation: Your spells are a little harder to cast, but
                  | a little more powerful. [potion of mutation]
 45568 | Depths:4 | Lost mutation: You are resistant to electric shocks.
                  | (rElec) [potion of mutation]
 45568 | Depths:4 | Lost mutation: You are weak. (Str -2) [potion of mutation]
 45568 | Depths:4 | Lost mutation: You are clumsy. (Dex -2) [potion of
                  | mutation]
 45568 | Depths:4 | Gained mutation: You do not regenerate when monsters are
                  | visible. [potion of mutation]
 45568 | Depths:4 | Gained mutation: You are robust. (+10% HP) [potion of
                  | mutation]
 45568 | Depths:4 | Gained mutation: You tend to lose your temper in combat.
                  | [potion of mutation]
 45568 | Depths:4 | Gained mutation: You expend magic power (3 MP) to
                  | strengthen your wands. [potion of mutation]
 45569 | Depths:4 | Lost mutation: You expend magic power (3 MP) to strengthen
                  | your wands. [potion of mutation]
 45569 | Depths:4 | Gained mutation: You are surrounded by a mild repulsion
                  | field. (EV +2) [potion of mutation]
 45569 | Depths:4 | Gained mutation: You are partially covered in thin metallic
                  | scales. (AC +2) [potion of mutation]
 45569 | Depths:4 | Gained mutation: You have sharp toenails. [potion of
                  | mutation]
 45608 | Depths:4 | Noticed a golden dragon
 45613 | Depths:4 | Killed a golden dragon
 45613 | Depths:4 | Reached skill level 10 in Evocations
 46353 | Depths:4 | Found Mifufel's Gadget Boutique.
 46501 | Depths:5 | Entered Level 5 of the Depths
 46513 | Depths:5 | Noticed a juggernaut
 46520 | Depths:5 | Noticed a caustic shrike
 46530 | Depths:5 | Killed a caustic shrike
 46530 | Depths:5 | Noticed a golden dragon
 46533 | Depths:5 | Noticed a caustic shrike
 46536 | Depths:5 | Noticed a caustic shrike
 46537 | Depths:5 | Noticed a caustic shrike
 46537 | Depths:5 | Noticed a caustic shrike
 46538 | Depths:5 | Noticed a golden dragon
 46539 | Depths:5 | HP: 11/248 [caustic shrike (24)]
 46539 | Depths:5 | HP: 2/248 [acid (9)]
 46539 | Depths:5 | Hit by a javelin thrown by a merfolk javelineer

Skill      XL: |  1  2  3  4  5  6  7  8  9 10 11 12 13 14 15 16 17 18 19 20 21 22 |
---------------+-------------------------------------------------------------------+-----
Axes           | 4 5 6 7 8 10 12 14 15 17 19 20 22 23 24 26 27 | 27.0
Fighting       | 4 5 6 8 9 10 12 13 14 15 16 17 18 19 21 23 24 25 | 25.4
Armour         | 3 4 5 7 8 10 11 13 14 15 16 17 18 19 20 | 20.8
Dodging        | 3 7 10 | 10.0
Evocations     | 3 7 9 10 | 10.4

Action                   |  1- 3 |  4- 6 |  7- 9 | 10-12 | 13-15 | 16-18 | 19-21 | 22-24 || total
-------------------------+-------+-------+-------+-------+-------+-------+-------+-------++-------
Melee: Hand axe          |    77 |    36 |       |       |       |       |       |       ||   113
       Headbutt          |    13 |    13 |    70 |    75 |   208 |   251 |   241 |    56 ||   927
       War axe           |       |    43 |   149 |       |     6 |       |       |       ||   198
       Executioner's axe |       |       |   133 |   370 |   943 |  1095 |   875 |   173 ||  3589
Invok: Berserk           |       |     1 |     4 |     9 |    21 |    19 |    22 |     6 ||    82
       Trog's Hand       |       |       |     3 |     1 |     6 |    12 |     9 |     1 ||    32
       Brothers in Arms  |       |       |       |     2 |     5 |     3 |     3 |       ||    13
 Abil: Evoke Flight      |       |       |       |       |     1 |       |       |       ||     1
Evoke: Wand              |       |       |       |     2 |     3 |       |       |       ||     5
  Use: Scroll            |     8 |     4 |     7 |     8 |    23 |    24 |    12 |     4 ||    90
       Potion            |     3 |       |       |     4 |    10 |     7 |     3 |     3 ||    30
 Stab: Distracted        |       |       |       |     1 |     1 |     1 |     1 |       ||     4
       Paralysed         |       |       |       |     1 |       |       |       |       ||     1
       Invisible         |       |       |       |       |     4 |       |       |       ||     4
  Eat: Chunk             |       |     2 |     1 |     3 |    10 |    14 |     1 |     1 ||    32
       Ration            |       |     1 |     5 |     8 |    17 |    13 |    16 |     5 ||    65
Armor: Animal skin       |    11 |       |       |       |       |       |       |       ||    11
       Scale mail        |     7 |    30 |    62 |   247 |   602 |   743 |   432 |   105 ||  2228
       Plate armour      |       |       |   101 |    14 |       |       |       |       ||   115
Dodge: Dodged            |    67 |    42 |   177 |   338 |   938 |   704 |   482 |   109 ||  2857
Block: Buckler           |       |     7 |       |       |       |       |       |       ||     7
       Other             |       |       |       |       |    27 |   156 |    68 |    20 ||   271
       Reflection        |       |       |       |       |     5 |    27 |     4 |     1 ||    37
